 Dungeon Crawl Stone Soup version 0.24.0-28-g17ded55e90 (webtiles) character file.

Game seed: 1570258279668199406, levelgen mode: deterministic

8171 PentaManta the Covert (level 11, 0/64 HPs)
             Began as an Octopode Assassin on Nov 11, 2019.
             Was a Follower of Uskayaw.
             Slain by a molten gargoyle
             ... wielding a +0 morningstar
              (24 damage)
             ... on level 11 of the Dungeon.
             The game lasted 00:30:29 (11955 turns).

PentaManta the Covert (Octopode Assassin)          Turns: 11955, Time: 00:30:30

Health: 0/64       AC:  1    Str: 14    XL:     11   Next: 26%
Magic:  14/14      EV: 22    Int: 18    God:    Uskayaw [*.....]
Gold:   87         SH: 12    Dex: 16    Spells: 8/10 levels left

rFire    . . .     SeeInvis +   w - +2 dagger (elec)
rCold    . . .     Gourm    .   C - +0 shield
rNeg     . . .     Faith    .   (helmet restricted)
rPois    +         Spirit   .   r - +2 amulet of reflection
rElec    .         Reflect  +   l - ring of see invisible
rCorr    .         Harm     .   E - +3 ring of strength
MR       .....                  v - +4 ring of intelligence
Stlth    ++++++....             B - ring of flight
HPRegen  0.20/turn              f - +3 ring of evasion (curse)
MPRegen  0.14/turn              s - ring of poison resistance
                                (no ring)
                                (no ring)

@: no status effects
A: almost no armour, stealthy swim, amphibious, 8 rings, constrict 8, camouflage
1, gelatinous body 1
a: Stomp, Renounce Religion, Evoke Flight


You were on level 11 of the Dungeon.
You worshipped Uskayaw.
Uskayaw was noncommittal.
You were not hungry.

You visited 2 branches of the dungeon, and saw 12 of its levels.

You collected 555 gold pieces.
You spent 468 gold pieces at shops.

Inventory:

Hand Weapons
 j - a +4 dagger of freezing
 o - a +1 dagger of venom
 w - a +2 dagger of electrocution (weapon)
Missiles
 b - 24 poisoned darts
 c - 2 curare-tipped darts
 t - 6 javelins
 y - 13 boomerangs (quivered)
 I - 8 atropa-tipped darts
Armour
 C - a +0 shield (worn)
Jewellery
 f - a cursed +3 ring of evasion (on tentacle)
 l - a ring of see invisible (left tentacle)
 r - a +2 amulet of reflection (around mantle)
 s - a ring of poison resistance (on tentacle)
 v - a +4 ring of intelligence (on tentacle)
 B - a ring of flight (on tentacle)
 E - a +3 ring of strength (right tentacle)
Wands
 h - a wand of digging (5)
 n - a wand of acid (12)
 z - a wand of random effects (34)
 L - a wand of disintegration (5)
Scrolls
 i - 5 scrolls of remove curse
 p - a scroll of amnesia
 q - 2 scrolls of blinking
 u - 2 scrolls of teleportation
 F - 2 scrolls of enchant weapon
 H - 3 scrolls of enchant armour
 J - a scroll of fear
Potions
 a - a potion of mutation
 e - 2 potions of might
 g - a potion of heal wounds
 k - a potion of lignification
 m - 2 potions of haste
 x - 2 potions of flight
 A - 3 potions of magic {unknown}
 K - a potion of brilliance
 N - a potion of invisibility
Comestibles
 d - 12 rations


   Skills:
 - Level 2.0 Fighting
 * Level 8.6 Short Blades
 - Level 2.0 Throwing
 + Level 10.9 Dodging
 - Level 11.0 Stealth
 * Level 6.6 Shields
 + Level 4.0 Invocations


You had 8 spell levels left.
You knew the following spells:

 Your Spells              Type           Power        Failure   Level  Hunger
a - Blink                 Tloc           N/A          67%         2    ###....

Your spell library contained the following spells:

 Spells                   Type           Power        Failure   Level  Hunger
 Beastly Appendage        Tmut           #.....       54%         1    ##.....
 Magic Dart               Conj           #...         54%         1    ##.....
 Call Imp                 Summ           #.......     67%         2    ###....
 Slow                     Hex            #.......     67%         2    ###....
 Sticks to Snakes         Tmut           #.......     67%         2    ###....
 Conjure Flame            Conj/Fire      #.......     88%         3    ####...
 Mephitic Cloud           Conj/Pois/Air  #.......     88%         3    ####...
 Spider Form              Tmut/Pois      #.........   88%         3    ####...
 Ice Form                 Ice/Tmut       #.......     99%         4    #####..
 Blade Hands              Tmut           #.........   100%        5    ######.


Dungeon Overview and Level Annotations

Branches:
Dungeon (11/15)            Temple (1/1) D:6            Lair (0/6) D:10
    Orc (0/2) D:10

Altars:
Ashenzari
Cheibriados
Dithmenos
Elyvilon
Fedhas
Gozag
Hepliaklqana
Kikubaaqudgha
Makhleb
Nemelex Xobeh
Okawaru
Qazlal
Ru
Sif Muna
Trog
Uskayaw
Vehumet
Wu Jian
Xom
Yredelemnul
Zin
The Shining One

Shops:
D:4 }   D:5 [   D:6 }   D:9 !!

Annotations:
D:6 3 runed translucent doors, FishyPogo's ghost, novice DsWn
D:10 Fannar; Josephine


Innate Abilities, Weirdness & Mutations

You cannot wear most types of armour.
You are very stealthy in the water. (Stealth+)
You are amphibious.
You can wear up to eight rings at the same time.
You can use your tentacles to constrict eight enemies at once.
Your skin changes colour to match your surroundings (Stealth+).
Your rubbery body absorbs attacks. (AC +1, EV +1)


Message History

The molten gargoyle is lightly damaged.
You constrict the molten gargoyle, but do no damage.
You hit the molten gargoyle but do no damage.
The molten gargoyle is lightly damaged.
You constrict the molten gargoyle, but do no damage.
The molten gargoyle blasts magma at you!
The bolt of magma hits you!!
Ouch! That really hurt!
Your shield prevents you from hitting the molten gargoyle.
The molten gargoyle is lightly damaged.
You constrict the molten gargoyle.
You hit the molten gargoyle but do no damage.
The molten gargoyle is moderately damaged.
You constrict the molten gargoyle.
The molten gargoyle blasts magma at you!
The bolt of magma hits you!
* * * LOW HITPOINT WARNING * * *
You feel better.
You constrict the molten gargoyle.
The molten gargoyle hits you with a +0 morningstar!!
You die...

##...... ..##
#......#
....###......#
.............#
#.
<...........##.#
#............#
##....[....#
#.#.........#
#..9@.....##
≈...#.###...## ≈
#. ##..### §§
#.....## ≈§
#......# ≈≈
#..###..# ≈
##.## ##.. #..#
# #..#


You could see a molten gargoyle.

Vanquished Creatures
  Psyche (D:8)
  A gargoyle (D:10)
  A komodo dragon (D:10)
  Prince Ribbit (D:8)
  A troll (D:8)
  2 hippogriffs (D:8)
  Sigmund (D:2)
  A meliai zombie (D:9)
  2 wraiths (D:10)
  5 yaks (D:7)
  A wyvern (D:9)
  Eustachio (D:5)
  A human (D:7)
  3 hogs (D:7)
  2 sky beasts
  A black bear (D:9)
  A hornet zombie (D:6)
  An ice beast (D:9)
  A phantom (D:8)
  6 ogres
  An orc warrior (D:9)
  4 centaurs
  3 big kobolds
  4 bullfrogs
  A wyvern zombie (D:5)
  A water moccasin zombie (D:9)
  A wyvern skeleton (D:9)
  3 scorpions
  3 killer bees (D:10)
  8 howler monkeys
  A crimson imp (D:5)
  A quasit (D:8)
  2 bullfrog zombies
  8 orc priests
  7 hounds
  4 jellies
  A centaur skeleton (D:7)
  3 bullfrog skeletons
  A gnoll shaman (D:5)
  2 iguanas
  13 orc wizards
  3 worker ants
  A killer bee zombie (D:9)
  A hound zombie (D:7)
  2 hound skeletons
  A worker ant zombie (D:8)
  Robin (D:2)
  A howler monkey skeleton (D:6)
  4 adders
  3 gnolls (D:4)
  2 shadow imps
  An ooze (D:2)
  An adder zombie (D:8)
  2 adder skeletons
  4 worms
  3 dart slugs (D:1)
  6 leopard geckos
  52 orcs
  3 ball pythons
  A bat (D:1)
  4 giant cockroaches
  11 goblins
  10 hobgoblins
  10 jackals
  22 kobolds
  3 quokkas
  4 frilled lizards
  4 rats
  A plant (D:10)
267 creatures vanquished.

Notes
Turn   | Place    | Note
-------+----------+-------------------------------------------
     0 | D:1      | PentaManta the Octopode Assassin began the quest for the
                  | Orb.
     0 | D:1      | Reached XP level 1. HP: 14/14 MP: 1/1
    97 | D:1      | Reached XP level 2. HP: 13/19 MP: 2/2
   347 | D:1      | Reached XP level 3. HP: 12/24 MP: 3/3
   879 | D:2      | Found a sparkling altar of Nemelex Xobeh.
   954 | D:2      | Noticed Robin
   965 | D:2      | Killed Robin
   965 | D:2      | Reached XP level 4. HP: 18/29 MP: 4/4
   983 | D:2      | Reached skill level 6 in Stealth
  1309 | D:2      | Found a snail-covered altar of Cheibriados.
  1321 | D:2      | Noticed Sigmund
  1330 | D:2      | Killed Sigmund
  1330 | D:2      | Reached XP level 5. HP: 34/34 MP: 5/5
  1330 | D:2      | Reached XP level 6. HP: 39/39 MP: 6/6
  2066 | D:3      | Reached skill level 7 in Stealth
  2488 | D:4      | Reached skill level 5 in Dodging
  2488 | D:4      | Reached XP level 7. HP: 45/45 MP: 7/7
  2630 | D:5      | Entered Level 5 of the Dungeon
  2878 | D:4      | Found Uplomaq's Gadget Boutique.
  3578 | D:5      | Reached skill level 8 in Stealth
  3926 | D:5      | Noticed Eustachio
  3956 | D:5      | Killed Eustachio
  3956 | D:5      | Reached XP level 8. HP: 38/50 MP: 8/8
  3967 | D:5      | Found Veiqeeq's Armour Shoppe.
  3988 | D:5      | Reached skill level 5 in Short Blades
  3999 | D:5      | Bought a +0 shield for 54 gold pieces
  3999 | D:5      | Bought a +0 buckler of reflection for 102 gold pieces
  4469 | D:6      | Found Iluicu's Gadget Shop.
  4979 | D:6      | Reached skill level 9 in Stealth
  4979 | D:6      | Reached skill level 1 in Shields
  5287 | D:6      | Found a staircase to the Ecumenical Temple.
  5302 | Temple   | Entered the Ecumenical Temple
  5395 | Temple   | Became a worshipper of Uskayaw the Reveler
  5564 | D:6      | Found a runed translucent gate.
  5565 | D:6      | Found a runed translucent gate.
  5565 | D:6      | Found a runed translucent gate.
  5568 | D:6      | Noticed FishyPogo's ghost (novice DsWn)
  5580 | D:6      | Reached * piety under Uskayaw
  5612 | D:6      | Found an iron altar of Okawaru.
  5794 | D:6      | Reached XP level 9. HP: 51/54 MP: 9/9
  5809 | D:6      | Reached ** piety under Uskayaw
  6464 | D:7      | Reached *** piety under Uskayaw
  6468 | D:7      | Reached **** piety under Uskayaw
  6470 | D:7      | Reached skill level 10 in Stealth
  6472 | D:7      | Reached ***** piety under Uskayaw
  6649 | D:7      | Found a bloodstained altar of Trog.
  6715 | D:7      | Found a hazy altar of Hepliaklqana.
  6895 | D:7      | Learned a level 2 spell: Blink
  7039 | D:7      | Reached XP level 10. HP: 44/60 MP: 10/10
  7352 | D:8      | Reached skill level 11 in Stealth
  7450 | D:8      | Noticed Prince Ribbit
  7462 | D:8      | Killed Prince Ribbit
  7474 | D:8      | Reached skill level 10 in Dodging
  7474 | D:8      | Reached skill level 1 in Invocations
  7809 | D:8      | HP: 1/60 [hippogriff (7)]
  8110 | D:8      | Reached skill level 5 in Shields
  8327 | D:8      | Noticed Psyche
  8334 | D:8      | Killed Psyche
  8703 | D:8      | Found a sacrificial altar of Ru.
  9050 | D:9      | Found Roymor's Distillery.
  9056 | D:9      | HP: 3/60 [troll (19)]
  9412 | D:9      | Bought a potion of haste for 120 gold pieces
  9412 | D:9      | Bought a potion of heal wounds for 60 gold pieces
  9412 | D:9      | Bought a potion of curing for 36 gold pieces
  9412 | D:9      | Bought a potion of invisibility for 96 gold pieces
  9491 | D:9      | Found an opulent altar of Gozag.
  9608 | D:9      | Found Nomp's Distillery.
  9654 | D:9      | Reached XP level 11. HP: 23/64 MP: 13/13
  9909 | D:9      | Found a glowing golden altar of the Shining One.
 10051 | D:9      | Found an ancient bone altar of Kikubaaqudgha.
 10190 | D:9      | Found a blossoming altar of Fedhas.
 10260 | D:10     | Entered Level 10 of the Dungeon
 10271 | D:10     | Found a staircase to the Orcish Mines.
 10313 | D:10     | Noticed Fannar
 10764 | D:10     | Noticed Josephine
 11288 | D:10     | Found a staircase to the Lair.
 11955 | D:11     | Slain by a molten gargoyle

Levels and vault maps discovered:
D:1:      tarquinn_simple_flora_water_c, layout_basic
D:2:      layout_loops_corners, lemuel_doored_altar, cheibriados_altar_1,
          uniq_sigmund, uniq_robin
D:3:      layout_loops_ring, first_ration
D:4:      layout_basic, serial_shops, shop, chequers_serial_rivers_small_3
D:5:      layout_basic, serial_shops, shop, uniq_eustachio
D:6:      layout_rooms, kennysheep_mini_moat, temple_pool_b,
          gammafunk_ghost_necromancy, serial_rivers,
          chequers_serial_rivers_micro_b, chequers_serial_rivers_small_a,
          chequers_serial_rivers_micro_c, chequers_serial_rivers_micro_b,
          chequers_serial_rivers_room_a, chequers_serial_rivers_marsh,
          serial_shops, shop, nrook_mini_backslash
D:7:      layout_rooms, overflow_temple_1_default, basic_altar, grunt_livestock,
          minmay_a_box_with_orc_wizards_in_it
D:8:      layout_gridville, nicolae_overflow_hidden_temple, uniq_psyche,
          uniq_prince_ribbit1
D:9:      layout_loops_ring, kennysheep_little_box, overflow_temple_1_default,
          grunt_gozag_breadcrumbs, marbit_many_paths, serial_shops,
          kennysheep_mini, shop
D:10:     layout_stronghold, david_lair_shrubbed, david_orc_2, uniq_fannar,
          uniq_josephine
D:11:     layout_layer_cave, minivault_8
Temple:   minmay_temple_curvy_branch

Skill      XL: |  1  2  3  4  5  6  7  8  9 10 11 |
---------------+----------------------------------+-----
Dodging        | 2 4 5 6 7 9 10 | 10.9
Stealth        | 6 7 8 9 10 11 | 11.0
Short Blades   | 3 4 5 6 8 |  8.6
Shields        | 2 4 5 6 |  6.6
Invocations    | 3 4 |  4.0
Fighting       | |  2.0
Throwing       | |  2.0

Action                   |  1- 3 |  4- 6 |  7- 9 | 10-12 || total
-------------------------+-------+-------+-------+-------++-------
Melee: Dagger            |    54 |    71 |   243 |   326 ||   694
       Constrict         |    10 |    21 |    51 |    46 ||   128
       Tentacles         |     7 |    15 |    63 |    75 ||   160
Throw: Boomerang         |       |       |     6 |     4 ||    10
       Dart              |       |       |       |     2 ||     2
 Cast: Blink             |       |       |     1 |       ||     1
Invok: Line Pass         |       |       |       |     2 ||     2
Evoke: Wand              |       |       |       |     6 ||     6
  Use: Scroll            |       |     5 |       |    13 ||    18
       Potion            |       |       |     1 |    12 ||    13
 Stab: Sleeping          |    14 |     9 |    22 |    10 ||    55
       Paralysed         |       |       |     4 |    13 ||    17
       Distracted        |       |       |       |     2 ||     2
  Eat: Chunk             |       |     3 |     9 |    13 ||    25
       Ration            |       |       |     2 |     1 ||     3
Armor: Skin              |     1 |     1 |     5 |     2 ||     9
Dodge: Dodged            |    20 |    31 |   137 |   130 ||   318
Block: Other             |       |     1 |     6 |       ||     7
       Buckler           |       |       |    32 |    22 ||    54
       Reflection        |       |       |     2 |     6 ||     8
       Shield            |       |       |       |   109 ||   109
